[Event "FAI-ch 2019"]
[Site "Torshavn"]
[Date "2019.04.15"]
[Round "3.1"]
[White "Miezis, Normunds"]
[Black "Ziska, Helgi Dam"]
[Result "1/2-1/2"]
[ECO "A26"]
[WhiteElo "2468"]
[BlackElo "2540"]
[Annotator "ChessBase"]
[PlyCount "24"]
[EventDate "2019.04.12"]
[EventType "tourn"]
[EventRounds "7"]
[EventCountry "FAI"]
[SourceTitle "playchess.com"]
[Source "ChessBase"]
[SourceQuality "1"]
[TimeControl "40/5400+30:900+30"]

1. c4 g6 2. Nc3 Bg7 3. g3 d6 4. Bg2 e5 5. d3 Nc6 6. e4 f5 7. Nge2 Nf6 8. O-O O-O 9. Nd5 Nh5 10. exf5 Bxf5 11. h3 Be6 12. g4 Nf6 1/2-1/2

[Event "FAI-ch 2019"]
[Site "Torshavn"]
[Date "2019.04.16"]
[Round "4.3"]
[White "Samuelsen, Carl Eli Nolsoe"]
[Black "Berg, Olaf"]
[Result "1/2-1/2"]
[ECO "B91"]
[WhiteElo "2196"]
[BlackElo "2212"]
[Annotator "NA"]
[PlyCount "65"]
[EventDate "2019.04.12"]
[EventType "tourn"]
[EventRounds "7"]
[EventCountry "FAI"]
[SourceTitle "playchess.com"]
[Source "ChessBase"]
[SourceQuality "1"]
[TimeControl "40/5400+30:900+30"]

1. e4 c5 2. Nf3 d6 3. d4 cxd4 4. Nxd4 Nf6 5. Nc3 a6 6. g3 g6 7. Bg2 {[%emt 0:00:41] B91: Sicilian Najdorf: 6 g3} Bg7 8. h3 Nbd7 (8... O-O 9. O-O Bd7 10. Be3 Nc6 11. Nde2 Rc8 12. b3 b5 13. Nd5 Be6 14. Qd2 Ne5 15. f4 Ned7 16. Nd4 Nc5 17. Nxe6 Nxe6 18. Rac1 Nc5 19. Nxf6+ Bxf6 {½-½ (98) Grischuk,A (2767)-Nepomniachtchi,I (2751) Moscow 2018}) 9. O-O Nc5 10. Be3 Bd7 $146 ({Predecessor:} 10... Qc7 11. a4 Rb8 {1-0 (29) Schweizer,M (2032)-Besancon,P (1691) Heusenstamm 2017}) 11. f4 Qc7 12. Qd2 e5 13. Nb3 Nxb3 14. axb3 Bc6 15. Rad1 O-O-O 16. Qf2 Nd7 17. f5 Kb8 18. Rd2 Bf6 19. Rfd1 Be7 20. Kh2 f6 $1 $11 {[%emt 0:00:46] and Black stays safe.} (20... gxf5 $16 {was worth a try.} 21. Qxf5 Nf6) 21. Bf1 (21. Ra1 $142) 21... Nc5 22. Bg2 $2 (22. Re1 $16) 22... Qc8 $2 23. b4 Na4 24. Nxa4 Bxa4 25. b3 Bc6 26. c4 gxf5 27. exf5 Bxg2 28. Kxg2 d5 29. Rxd5 Bxb4 $16 30. Bb6 Rxd5 31. Rxd5 Qc6 32. Kh2 Re8 33. Qe3 1/2-1/2

[Event "FAI-ch 2019"]
[Site "Torshavn"]
[Date "2019.04.18"]
[Round "6.1"]
[White "Ziska, Helgi Dam"]
[Black "Simonsen, Hans Kristian"]
[Result "1-0"]
[ECO "B19"]
[WhiteElo "2540"]
[BlackElo "2147"]
[Annotator "ChessBase"]
[PlyCount "59"]
[EventDate "2019.04.12"]
[EventType "tourn"]
[EventRounds "7"]
[EventCountry "FAI"]
[SourceTitle "playchess.com"]
[Source "ChessBase"]
[SourceQuality "1"]
[TimeControl "40/5400+30:900+30"]

1. e4 c6 2. d4 d5 3. Nc3 dxe4 4. Nxe4 Bf5 5. Ng3 Bg6 6. h4 h6 7. Nf3 Nd7 8. h5 Bh7 9. Bd3 Bxd3 10. Qxd3 e6 11. Bd2 Ngf6 12. O-O-O Be7 13. Qe2 Qb6 14. Rhe1 O-O 15. Ne5 Rad8 16. Ng6 fxg6 17. Qxe6+ Kh8 18. Qxe7 Nxh5 19. Nxh5 gxh5 20. Bxh6 Rg8 21. Bg5 Qa5 22. Rh1 Rge8 23. Qf7 Qxg5+ 24. f4 Qg4 25. Rxh5+ Qxh5 26. Qxh5+ Kg8 27. Qa5 Nf6 28. Qxa7 Ra8 29. Qxb7 Rxa2 30. Qb3+ 1-0

[Event "FAI-ch 2019"]
[Site "Torshavn"]
[Date "2019.04.18"]
[Round "6.3"]
[White "Miezis, Normunds"]
[Black "Dragicevic, Drazen"]
[Result "0-1"]
[ECO "A13"]
[WhiteElo "2468"]
[BlackElo "2334"]
[Annotator "ChessBase"]
[PlyCount "136"]
[EventDate "2019.04.12"]
[EventType "tourn"]
[EventRounds "7"]
[EventCountry "FAI"]
[SourceTitle "playchess.com"]
[Source "ChessBase"]
[SourceQuality "1"]
[TimeControl "40/5400+30:900+30"]

1. c4 e6 2. e4 c5 3. Nc3 Nc6 4. Nf3 Nge7 5. d4 Nxd4 6. Nxd4 cxd4 7. Qxd4 Nc6 8. Qd2 Bc5 9. Be2 O-O 10. O-O a6 11. b3 d6 12. Bb2 e5 13. Kh1 Nd4 14. Bd3 Qa5 15. f4 b5 16. Qd1 Bb7 17. Nd5 Bxd5 18. exd5 bxc4 19. Bxc4 Nf5 20. Qd3 Ne3 21. Bc3 Qd8 22. Rf3 exf4 23. Rxf4 Qg5 24. g3 Rae8 25. b4 Bb6 26. Bd2 Qh5 27. Bxe3 Rxe3 28. Qf5 g5 29. Re4 Rxg3 30. Be2 Qh6 31. Bg4 Re3 32. Rf1 Qg6 33. Re1 Qxf5 34. Bxf5 Rxe1+ 35. Rxe1 a5 36. b5 a4 37. a3 Bc5 38. Re4 Ra8 39. Bd7 Bxa3 40. Bc6 Rb8 41. Rxa4 Bc5 42. h4 h6 43. Kg2 Kg7 44. Re4 Kf6 45. Kf3 Rc8 46. Kg4 h5+ 47. Kg3 g4 48. Rf4+ Kg6 49. Ra4 Rc7 50. Ra6 Ra7 51. Kf4 Kf6 52. Ba8 Ke7 53. Bc6 f5 54. Rxa7+ Bxa7 55. Bb7 Bd4 56. Bc8 Be5+ 57. Ke3 f4+ 58. Ke4 f3 59. b6 Kd8 60. Ba6 Bf6 61. Bd3 Bxh4 62. Ke3 Bg5+ 63. Kf2 Bh4+ 64. Ke3 Bg5+ 65. Kf2 Bf6 66. Ke3 Be5 67. Bg6 h4 68. Bf5 Bd4+ 0-1

[Event "FAI-ch 2019"]
[Site "Torshavn"]
[Date "2019.04.18"]
[Round "6.4"]
[White "Hoi, Carsten"]
[Black "Berg, Olaf"]
[Result "0-1"]
[ECO "E12"]
[WhiteElo "2354"]
[BlackElo "2212"]
[Annotator "NA"]
[PlyCount "70"]
[EventDate "2019.04.12"]
[EventType "tourn"]
[EventRounds "7"]
[EventCountry "FAI"]
[SourceTitle "playchess.com"]
[Source "ChessBase"]
[SourceQuality "1"]
[TimeControl "40/5400+30:900+30"]

1. Nf3 Nf6 2. c4 b6 3. d4 e6 4. a3 Bb7 5. Nc3 d5 6. Bg5 Nbd7 7. e3 Be7 8. Bd3 a6 9. cxd5 exd5 10. Qc2 c5 11. O-O O-O 12. Rad1 Re8 13. Ne5 Nf8 14. f4 Rc8 15. Qe2 cxd4 16. exd4 b5 17. Bxf6 Bxf6 18. Kh1 Rc7 19. Bb1 Rce7 20. Qf3 Re6 21. Qh3 Rd6 22. Qd3 g6 23. Qf3 Qc7 24. Rde1 Qb6 25. Qd3 Bc8 26. Qd2 Ne6 27. Ne2 Bg7 28. f5 Nxd4 29. fxg6 hxg6 30. Nxf7 Rde6 31. Ng5 Rxe2 32. Rxe2 Rxe2 33. Qf4 Qf6 34. Qc1 Bf5 35. Qf4 Bxb1 0-1

[Event "FAI-ch 2019"]
[Site "Torshavn"]
[Date "2019.04.19"]
[Round "7.1"]
[White "Berg, Olaf"]
[Black "Ziska, Helgi Dam"]
[Result "0-1"]
[ECO "A05"]
[WhiteElo "2212"]
[BlackElo "2540"]
[Annotator "ChessBase"]
[PlyCount "70"]
[EventDate "2019.04.12"]
[EventType "tourn"]
[EventRounds "7"]
[EventCountry "FAI"]
[SourceTitle "playchess.com"]
[Source "ChessBase"]
[SourceQuality "1"]
[TimeControl "40/5400+30:900+30"]

1. Nf3 Nf6 2. b3 g6 3. Bb2 Bg7 4. g3 O-O 5. Bg2 d6 6. O-O e5 7. e3 Re8 8. d3 Nc6 9. Nbd2 a5 10. a3 d5 11. e4 h6 12. Re1 d4 13. Qb1 Be6 14. c3 dxc3 15. Bxc3 Nd7 16. b4 axb4 17. axb4 b5 18. Qc2 Rxa1 19. Rxa1 Nb6 20. Bf1 Qd6 21. Ra6 Bc8 22. Ra1 Be6 23. Be2 Rc8 24. Rb1 Ra8 25. Nb3 Na4 26. Na5 Nxa5 27. bxa5 Qc5 28. Rc1 Qxc3 29. Qxc3 Nxc3 30. Rxc3 Rxa5 31. Kg2 Ra2 32. Bd1 Ra1 33. Bc2 b4 34. Rc6 b3 35. Rxe6 bxc2 0-1

[Event "FAI-ch 2019"]
[Site "Torshavn"]
[Date "2019.04.19"]
[Round "7.2"]
[White "Dragicevic, Drazen"]
[Black "Hoi, Carsten"]
[Result "1-0"]
[ECO "A26"]
[WhiteElo "2334"]
[BlackElo "2354"]
[Annotator "NA"]
[PlyCount "73"]
[EventDate "2019.04.12"]
[EventType "tourn"]
[EventRounds "7"]
[EventCountry "FAI"]
[SourceTitle "playchess.com"]
[Source "ChessBase"]
[SourceQuality "1"]
[TimeControl "40/5400+30:900+30"]

1. c4 g6 2. g3 Bg7 3. Bg2 Nc6 4. Nc3 d6 5. d3 e5 6. e4 f5 7. Nge2 Nf6 8. O-O O-O 9. Nd5 fxe4 10. dxe4 Bg4 11. f3 Be6 12. Be3 h6 13. Rc1 Kh7 14. Qd2 Ne7 15. Rfd1 Nexd5 16. cxd5 Bd7 17. Qb4 b6 18. Qc4 Ne8 19. Rd3 h5 20. Bf2 Bh6 21. Rc2 Rf7 22. Ra3 a5 23. Nc3 h4 24. Nb5 hxg3 25. hxg3 Qg5 26. Qf1 Bc8 27. Rac3 Ba6 28. Bh3 Ra7 29. a4 Nf6 30. Be6 Rg7 31. Be1 Nh5 32. Qg2 Bxb5 33. axb5 Qd8 34. Qh1 a4 35. g4 a3 36. bxa3 Qg5 37. Kf1 1-0

[Event "FAI-ch 2019"]
[Site "Torshavn"]
[Date "2019.04.19"]
[Round "7.3"]
[White "Thorsteinsson, Sjurdur"]
[Black "Miezis, Normunds"]
[Result "0-1"]
[ECO "E38"]
[WhiteElo "2228"]
[BlackElo "2468"]
[Annotator "ChessBase"]
[PlyCount "58"]
[EventDate "2019.04.12"]
[EventType "tourn"]
[EventRounds "7"]
[EventCountry "FAI"]
[SourceTitle "playchess.com"]
[Source "ChessBase"]
[SourceQuality "1"]
[TimeControl "40/5400+30:900+30"]

1. d4 Nf6 2. c4 e6 3. Nc3 Bb4 4. Qc2 c5 5. dxc5 Nc6 6. Nf3 Bxc5 7. Bf4 e5 8. Bg3 Nd4 9. Nxd4 exd4 10. Ne4 Bb4+ 11. Nd2 Qa5 12. a3 d5 13. Rc1 Be7 14. Qd3 dxc4 15. Rxc4 Be6 16. Rc1 O-O 17. e4 dxe3 18. fxe3 Rac8 19. Rxc8 Rxc8 20. b4 Rc1+ 21. Kf2 Ng4+ 22. Kg1 Qd5 23. Qxd5 Bxd5 24. Bf4 g5 25. Bb8 a5 26. h3 Nxe3 27. bxa5 Nxf1 28. Nxf1 Bc5+ 29. Kh2 Rc2 0-1

[Event "FAI-ch 2019"]
[Site "Torshavn"]
[Date "2019.04.19"]
[Round "7.4"]
[White "Simonsen, Hans Kristian"]
[Black "Samuelsen, Carl Eli Nolsoe"]
[Result "1/2-1/2"]
[ECO "A45"]
[WhiteElo "2147"]
[BlackElo "2196"]
[Annotator "NA"]
[PlyCount "22"]
[EventDate "2019.04.12"]
[EventType "tourn"]
[EventRounds "7"]
[EventCountry "FAI"]
[SourceTitle "playchess.com"]
[Source "ChessBase"]
[SourceQuality "1"]
[TimeControl "40/5400+30:900+30"]

1. d4 Nf6 2. Bf4 d6 3. Nc3 g6 4. e4 Bg7 5. Qd2 Nbd7 6. O-O-O O-O 7. Nf3 c5 8. Bh6 Qa5 9. Bxg7 Kxg7 10. h4 cxd4 11. Nxd4 h5 1/2-1/2